 Dungeon Crawl Stone Soup version 0.28-a0-664-gc179e30c89 (webtiles) character file.

Game seed: 3177501268624757420

86 voltaire321 the Skirmisher (level 4, 0/37 HPs)
             Began as a Demonspawn Monk on Oct 17, 2021.
             Killed from afar by Terence (9 damage)
             ... with a puff of flame
             ... on level 3 of the Dungeon.
             The game lasted 00:07:00 (2993 turns).

voltaire321 the Skirmisher (Demonspawn Monk)        Turns: 2993, Time: 00:07:01

Health: 0/37       AC:  2    Str: 11    XL:     4   Next: 26%
Magic:  4/4        EV: 13    Int: 13    God:
Gold:   103        SH:  0    Dex: 15    Spells: 3/3 levels left

rFire   . . .      SeeInvis .   f - +2 dagger (venom)
rCold   . . .      Faith    .   (no shield)
rNeg    . . .      Spirit   .   b - +0 robe
rPois   .          Reflect  .   (no helmet)
rElec   .          Harm     .   (no cloak)
rCorr   .          Rampage  .   (no gloves)
Will    .....                   (no boots)
Stlth   ++........              (no amulet)
HPRegen 0.12/turn               (no ring)
MPRegen 0.09/turn               (no ring)

@: no status effects
A: hooves 1, demonic guardian 1
a: no special abilities


You were on level 3 of the Dungeon.
You visited 1 branch of the dungeon, and saw 3 of its levels.

You collected 103 gold pieces.

Inventory:

Hand Weapons
 f - a +2 dagger of venom (weapon)
Armour
 b - a +0 robe (worn)
Jewellery
 j - a ring of positive energy
Scrolls
 a - 3 scrolls of fog {unknown}
 c - 2 scrolls of teleportation {unknown}
 e - 3 scrolls of identify {unknown}
 h - a scroll of brand weapon {unknown}
Potions
 d - 2 potions of attraction {unknown}
 g - a potion of might {unknown}
 i - a potion of heal wounds {unknown}


   Skills:
 + Level 3.7 Fighting
 - Level 3.0 Short Blades
 + Level 1.7 Armour
 + Level 3.3 Dodging
 - Level 1.7 Stealth


You had 3 spell levels left.
You didn't know any spells.
Your spell library was empty.

Dungeon Overview and Level Annotations

Branches:
Dungeon (3/15)

Altars:
Uskayaw

Annotations:
D:3 Terence


Innate Abilities, Weirdness & Mutations

You have large cloven feet.
A weak demonic guardian rushes to your aid.


Message History

There is a stone staircase leading down here.
You see here a quokka skeleton.
Terence shouts!
The quokka misses you.
You completely miss the quokka. Your kick misses the quokka.
The quokka bites you.
You hit the quokka but do no damage. You kick the quokka, but do no damage.
The quokka closely misses you.
You barely miss the quokka. The quokka bites you.
A demonic guardian appears!
You barely miss the quokka. The quokka closely misses you.
You hit the quokka but do no damage.
The quokka is poisoned.
Your kick misses the quokka. The quokka bites you.
Your shadow imp hits the quokka.
You hit the quokka.
You kill the quokka!
You hit Terence but do no damage. You kick Terence, but do no damage.
Terence zaps a wand.
The puff of flame hits you!
Your shadow imp hits Terence but does no damage.
You hit Terence.
Terence is poisoned.
You kick Terence.
Terence is lightly wounded.
Terence zaps a wand.
The puff of flame misses you.
Your shadow imp hits Terence but does no damage.
You hit Terence.
Terence looks as sick as possible!
Terence is heavily wounded.
Terence hits you with a +4 hand axe of freezing!
Terence freezes you.
* * * LOW HITPOINT WARNING * * *
Terence hits your shadow imp with a +4 hand axe of freezing!
Your shadow imp closely misses Terence.
You closely miss Terence. You kick Terence, but do no damage.
Terence is severely wounded.
Terence closely misses you.
Terence hits your shadow imp with a +4 hand axe of freezing!
Your shadow imp dies!
Your shadow imp disappears in a puff of smoke!
You barely miss Terence.
Terence is severely wounded.
Terence shouts, "Get ready for death!"
Terence zaps a wand.
The puff of flame hits you!
You die...

#### ##...##
######.....#
#....@@....#
#.####ยง....#
#.#####....##
#....r@.....## #
##
#..###.......#..
..# #..#
#(......... ...
##..# #.......#
#.#
##.#.####.....##
#.#
#.###.##.#...###.
#.##


You could see Terence (extremely poisoned).

Vanquished Creatures
  2 adders (D:2)
  A worm (D:2)
  2 dart slugs
  3 orcs (D:3)
  6 endoplasms
  3 giant cockroaches
  4 goblins
  5 hobgoblins
  3 jackals (D:2)
  4 quokkas
  4 ball pythons
  5 bats
  2 frilled lizards
  2 kobolds (D:1)
  2 rats (D:3)
48 creatures vanquished.

Vanquished Creatures (collateral kills)
  A hobgoblin (D:3)
  A jackal (D:2)
2 creatures vanquished.

Vanquished Creatures (others)
  12 plants (D:2)
12 creatures vanquished.

Grand Total: 62 creatures vanquished

Notes
Turn   | Place    | Note
-------+----------+-------------------------------------------
     0 | D:1      | voltaire321 the Demonspawn Monk began the quest for the
                  | Orb.
     0 | D:1      | Reached XP level 1. HP: 18/18 MP: 1/1
   211 | D:1      | Gained mutation: A weak demonic guardian rushes to your
                  | aid. [demonic ancestry]
   211 | D:1      | Reached XP level 2. HP: 22/24 MP: 2/2
  1030 | D:1      | Found a faded altar of an unknown god.
  1403 | D:2      | Reached skill level 1 in Armour
  1435 | D:2      | Gained mutation: You have large cloven feet. [demonic
                  | ancestry]
  1435 | D:2      | Reached XP level 3. HP: 29/29 MP: 3/3
  1913 | D:2      | Found a hide-covered altar of Uskayaw.
  2239 | D:3      | Noticed Terence
  2388 | D:3      | Reached XP level 4. HP: 23/36 MP: 4/4
  2993 | D:3      | Killed from afar by Terence

Illustrated notes

Levels and vault maps discovered:
D:1:      amcnicky_arrival_choice, layout_basic, basic_ecumenical_altar,
          minmay_pentomino_p4
D:2:      layout_loops_ring, basic_altar, serial_bayou_lake_a
D:3:      layout_loops_ring, uniq_terence

Skill      XL: |  1  2 |
---------------+-------+-----
Short Blades   | 3 |  3.0
Dodging        | 3 |  3.3
Armour         | 1 |  1.7
Fighting       | |  3.7
Stealth        | |  1.7

Action                   |  1- 3 |  4- 6 || total
-------------------------+-------+-------++-------
Melee: Short sword       |    41 |       ||    41
       Dagger            |    74 |    30 ||   104
       Kick              |    11 |     9 ||    20
  Use: Potion            |     1 |       ||     1
 Stab: Sleeping          |     4 |     2 ||     6
Armor: Robe              |    16 |     2 ||    18
Dodge: Dodged            |    74 |    13 ||    87

Table legend: (Time is in decaauts)
 A = Elapsed time spent in this place.
 B = Non-inter-level travel time spent in this place.
 C = Inter-level travel time spent in this place.
 D = Time resting spent in this place.
 E = Time spent auto-exploring this place.
 F = Levels seen in this place.
 G = Mean time per level.
                   A        B        C        D        E       F      G
               +--------+--------+--------+--------+--------+-----+--------+
         Total |   3003 |   2845 |    158 |    723 |   1616 |   3 | 1001.0 |
       Dungeon |   3003 |   2845 |    158 |    723 |   1616 |   3 | 1001.0 |
               +--------+--------+--------+--------+--------+-----+--------+

Top non-repeatable levels by time:
     D:1: 1356 daAuts
     D:2: 1116 daAuts
     D:3: 530 daAuts
